 Dungeon Crawl Stone Soup version 0.18.1-8-gdd0e5ea (webtiles) character file.

127 Firecrotchwizard the Ruffian (level 5, 0/46 HPs)
             Began as a Ghoul Monk on June 12, 2016.
             Killed from afar by an orc wizard (5 damage)
             ... with a magic dart
             ... on level 3 of the Dungeon.
             The game lasted 00:08:06 (2346 turns).

Firecrotchwizard the Ruffian (Ghoul Monk)           Turns: 2346, Time: 00:08:07

Health: 0/46       AC:  8    Str: 16    XL:     5   Next: 11%
Magic:  0/4        EV:  7    Int:  5    God:
Gold:   111        SH:  0    Dex: 11    Spells: 0 memorised, 4 levels left

rFire  . . .     SeeInvis .       - Unarmed
rCold  + . .     Gourm    .     h - +0 chain mail
rNeg   + + +     Faith    .     (no shield)
rPois  ∞         Spirit   +     (no helmet)
rElec  .         Dismiss  .     (no cloak)
rCorr  .         Reflect  .     (no gloves)
SustAt .         Harm     .     (no boots)
MR     .....                    g - amulet of guardian spirit
Stlth  ..........               (no ring)
                                (no ring)

@: rotting, not resistant to hostile enchantments, extremely unstealthy
A: rotting body, claws 1, carnivore 3, cold resistance 1, negative energy
resistance 3, slow regeneration 1, torment resistance, unbreathing
a: no special abilities


You were on level 3 of the Dungeon.
You were not hungry.

You visited 1 branch of the dungeon, and saw 3 of its levels.

You collected 111 gold pieces.

Inventory:

Armour
 a - a +0 robe
 h - a +0 chain mail (worn)
Jewellery
 g - an amulet of guardian spirit (around neck)
Scrolls
 c - a scroll of amnesia {unknown}
 d - 2 scrolls of identify {unknown}
 i - 2 scrolls of remove curse {unknown}
Potions
 e - a potion of lignification {unknown}
 f - a potion of mutation {unknown}
 j - 3 potions of invisibility {unknown}
 l - a potion of agility {unknown}
Comestibles
 b - 2 meat rations


   Skills:
 + Level 4.1 Fighting
 + Level 1.0 Armour
 + Level 3.2 Dodging
 - Level 3.0 Stealth
 + Level 5.3 Unarmed Combat


You had 4 spell levels left.
You didn't know any spells.

Dungeon Overview and Level Annotations

Branches:
Dungeon (3/15)

Altars:


Innate Abilities, Weirdness & Mutations

Your body is rotting away.
You thrive on raw meat.
You are immune to poison.
You have sharp fingernails.
You are carnivorous and can eat meat at any time.
Your flesh is cold resistant.
You are immune to negative energy.
You regenerate slowly when monsters are visible.
You are immune to unholy pain and torment.
You can survive without breathing.


Message History

You hear some strange, mumbled words.
A puff of flame appears from out of thin air!
The puff of flame hits you!
* * * LOW HITPOINT WARNING * * *
You miss something.
You hear some strange, mumbled words.
You are confused.
You completely miss something.
You bump into the rock wall.
Something hits you but does no damage.
You bump into the rock wall.
Something hits you.
* * * LOW HITPOINT WARNING * * *
You bump into the rock wall.
Something hits you but does no damage.
You completely miss something. Something hits you but does no damage.
You bump into the rock wall.
Something hits you but does no damage.
Your chain mail prevents you from hitting something.
You feel less confused.
You hear some strange, mumbled words.
A magic dart appears from out of thin air!
The magic dart hits you!
You die...

#.######.###.#
##
............#
...>....###%#
######..###.#
###.# #......#
....# ##.######
##### ##...##
#.#.#.#########
#.#...@.oo.....
#.###.#########
##...## #####


You could see 2 orcs.

Vanquished Creatures
  3 gnolls (D:3)
  2 adders (D:2)
  2 worms (D:2)
  A dart slug (D:1)
  2 giant geckos (D:3)
  7 orcs (D:3)
  A ball python (D:2)
  6 bats
  9 goblins
  8 hobgoblins
  2 jackals (D:1)
  11 kobolds
  4 giant newts
  A quokka skeleton (D:3)
  4 rats
63 creatures vanquished.

Notes
Turn   | Place    | Note
--------------------------------------------------------------
     0 | D:1      | Firecrotchwizard the Ghoul Monk began the quest for the Orb.
     0 | D:1      | Reached XP level 1. HP: 19/19 MP: 0/0
    74 | D:1      | Reached XP level 2. HP: 15/26 MP: 1/1
   296 | D:1      | Reached skill level 5 in Unarmed Combat
   667 | D:1      | Reached XP level 3. HP: 31/31 MP: 2/2
  1494 | D:2      | Reached XP level 4. HP: 40/40 MP: 3/3
  2053 | D:3      | Reached skill level 1 in Armour
  2053 | D:3      | Reached XP level 5. HP: 23/46 MP: 1/4
  2346 | D:3      | Killed from afar by an orc wizard

Skill      XL: |  1  2  3  4 |
---------------+-------------+-----
Unarmed Combat | 5 |  5.3
Dodging        | 3 |  3.2
Stealth        | 3 |  3.0
Fighting       | 4 |  4.1
Armour         | 1 |  1.0

Action                   |  1- 3 |  4- 6 || total
-------------------------+-------+-------++-------
Melee: Unarmed           |   109 |   132 ||   241
       Punch             |     2 |     4 ||     6
 Stab: Sleeping          |     7 |       ||     7
  Eat: Chunk             |     2 |     5 ||     7
Armor: Robe              |     9 |       ||     9
       Chain mail        |    17 |    80 ||    97
Dodge: Dodged            |    65 |    48 ||   113
